 Dungeon Crawl Stone Soup version 0.27-a0-760-gc38aae387d (webtiles) character file.

Game seed: 17376215035681089722

72706 polve the Severer (level 15, -6/138 HPs)
             Began as a Hill Orc Berserker on Mar 24, 2021.
             Was the Champion of Trog.
             Mangled by an orc knight
             ... wielding a +0 war axe
              (23 damage)
             ... on level 2 of the Orcish Mines.
             The game lasted 00:26:26 (25093 turns).

polve the Severer (Hill Orc Berserker)             Turns: 25093, Time: 00:26:26

Health: -6/138     AC: 22    Str: 24    XL:     15   Next: 40%
Magic:  15/15      EV: 27    Int: 10    God:    Trog [******]
Gold:   2069       SH:  0    Dex: 15    Spells: 14/14 levels left

rFire    + . .     SeeInvis .   a - +3 battleaxe (flame)
rCold    . . .     Faith    .   (shield currently unavailable)
rNeg     . . .     Spirit   .   Q - +3 chain mail {rF+}
rPois    +         Reflect  .   f - +2 hat
rElec    .         Harm     .   (no cloak)
rCorr    .         Rampage  .   K - +0 pair of gloves
Will     +....                  y - +2 pair of boots
Stlth    ..........             H - amulet "Piameroj" {Acrobat Slay+3}
HPRegen  0.33/turn              F - ring of Yfrurrol {+Blink rPois Str+2 Int+3}
MPRegen  0.14/turn              G - +4 ring of slaying

@: mighty, berserk cooldown, acrobatic, hasted and slowed
A: no striking features
a: Renounce Religion, Convert to Beogh, Evoke Blink, Berserk, Trog's Hand,
Brothers in Arms


You were on level 2 of the Orcish Mines.
You worshipped Trog.
Trog was exalted by your worship.
You visited 3 branches of the dungeon, and saw 18 of its levels.
You also visited: Ossuary and Volcano.

You collected 2069 gold pieces.

Inventory:

Hand Weapons
 a - a +3 battleaxe of flaming (weapon)
 b - a +2 arbalest of flaming
Missiles
 n - 64 bolts
Armour
 f - a +2 hat (worn)
 y - a +2 pair of boots (worn)
 K - a +0 pair of gloves (worn)
 Q - a +3 chain mail of fire resistance (worn)
Jewellery
 c - a +6 ring of dexterity
 d - a +4 ring of evasion
 k - a ring of protection from fire
 l - an amulet of guardian spirit
 F - the ring of Yfrurrol (right hand) {+Blink rPois Str+2 Int+3}
   (You found it on level 9 of the Dungeon)

   [ring of poison resistance]

   It affects your strength (+2).
   It affects your intelligence (+3).
   It protects you from poison.
   It lets you blink.
 G - a +4 ring of slaying (left hand)
 H - the amulet "Piameroj" (around neck) {Acrobat Slay+3}
   (You found it on level 9 of the Dungeon)

   [amulet of the acrobat]

   It helps you evade while moving and waiting.
   It affects your accuracy and damage with ranged weapons and melee attacks
   (+3).
 J - a ring of see invisible
 L - a ring of ice
 R - a ring of protection from fire
Wands
 i - a wand of paralysis (4)
 m - a wand of flame (19)
 p - a wand of digging (5)
 q - a wand of mindburst (16)
 w - a wand of polymorph (10)
 C - a wand of charming (8)
 S - a wand of acid (8)
 V - a wand of iceblast (4)
Scrolls
 g - 11 scrolls of teleportation
 o - 4 scrolls of blinking
 s - 3 scrolls of immolation
 t - a scroll of magic mapping
 v - 6 scrolls of enchant armour
 A - 2 scrolls of identify
 B - 2 scrolls of torment
 I - 3 scrolls of fear
 O - a scroll of vulnerability
 W - a scroll of fog {unknown}
Potions
 e - a potion of resistance {unknown}
 h - 4 potions of flight
 j - 4 potions of heal wounds
 r - 3 potions of haste
 u - a potion of might
 x - 2 potions of attraction {unknown}
 z - 5 potions of lignification
 D - a potion of cancellation {unknown}
 E - a potion of ambrosia {unknown}
 M - 7 potions of curing
 N - a potion of invisibility {unknown}
 P - 3 potions of berserk rage {unknown}
 T - 2 potions of mutation {unknown}
 U - a potion of magic


   Skills:
 + Level 14.1 Fighting
 * Level 20.4 Axes
 + Level 12.8 Armour
 + Level 7.2 Dodging
 - Level 10.1 Evocations


You had 14 spell levels left.
You didn't know any spells.
Your spell library was empty.

Dungeon Overview and Level Annotations

Branches:
Dungeon (10/15)            Temple (0/1) D:5            Lair (6/6) D:10
  Swamp (0/4) Lair:2        Snake (0/4) Lair:2        Slime (0/5) Lair:6
    Orc (2/2) D:9             Elf (0/3) Orc:2       Ossuary (visited)
Volcano (visited)

Altars:
Ashenzari
Dithmenos
Kikubaaqudgha
Makhleb
Okawaru
Qazlal
Ru
Uskayaw
Xom
Yredelemnul
The Shining One
Jiyva

Shops:
D:7 (   Orc:2 !*

Portals:
Trove: D:10 (give +3 storm dragon scales)


Message History

The orc knight hits you with a +3 war axe of electrocution!
You are too injured to fight recklessly!
You feel yourself speed up.
The orc warrior no longer looks unusually strong.
The orc warrior hits you from afar with a +0 trident.
The orc knight roars a battlecry!
The orc warrior goes into a battle-frenzy!
An orc high priest comes into view. It is wielding a +0 short sword.
The orc warrior hits you from afar with a +0 trident!!
The orc knight hits you with a +3 war axe of electrocution!
You are electrocuted!
* * * LOW HITPOINT WARNING * * *
You feel very mighty all of a sudden.
The orc warrior no longer looks unusually strong.
The orc warrior barely misses you.
The orc warrior hits you from afar with a +2 vampiric trident.
* * * LOW HITPOINT WARNING * * *
The orc warrior hits you from afar with a +0 trident.
* * * LOW HITPOINT WARNING * * *
You feel much better.
The orc knight roars a battlecry!
The orc warrior goes into a battle-frenzy!
The orc warrior hits you from afar with a +2 vampiric trident!
* * * LOW HITPOINT WARNING * * *
The orc warrior barely misses you.
The orc knight hits you with a +3 war axe of electrocution!!
* * * LOW HITPOINT WARNING * * *
An orc high priest comes into view.
It is wielding a +0 long sword and wearing a +0 ring mail of willpower.
The orc high priest shouts, "Surrender to Beogh and we'll let you live!"
The orc warrior no longer looks unusually strong.
The orc knight roars a battlecry!
The orc warrior goes into a battle-frenzy!
The orc knight completely misses you.
The orc high priest no longer looks unusually strong.
The orc knight roars a battlecry!
The orc high priest goes into a battle-frenzy!
The orc high priest mumbles some strange prayers to Beogh.
You hear a shout!
The orc knight hits you with a +0 war axe!!
You die...

..# ..... ##..#.....# ..#
#.... ##....)#)∩## .##
#.#.# ##....#...## ## #..4#
##...#))..## # #o3o##
##....)...## ####### #o3o##
##...###).## #.#)#.##
#)o)###...###.)##
..)))..######.oo#...###))##
.<#)#).##..###.#@#.###).##
.###........###o..###.)##
## ##).......###.###))## .#
##.#.)....#####))#### ###
.#
#......).#####.)###.###.##
.#
##....).)#..#...##.......#
.#
##...#)#...............##
##
##.....................##
##.......................##


You could see 3 orc knights, 2 orc high priests, a sixfirhy (summoned), a smoke
demon (summoned), a red devil, 2 orc warriors and an orc priest (strong).

Vanquished Creatures
  An orc warlord (Orc:1)
  The ghost of nago the Thaumaturge, a journeyman DjIE of Vehumet (Lair:5)
  7 hydras
  Harold (Lair:1)
  A centaur warrior (D:10)
  15 death yaks (Lair:6)
  A dancing weapon (Lair:5)
  4 two-headed ogres
  A sun demon (Orc:2)
  Urug (Lair:3)
  The ghost of t4s4d4r the Carver, a novice OpFi of Gozag (D:8)
  7 orc knights
  5 orc sorcerers
  An oklob plant (Orc:1)
  A salamander (Volcano)
  7 black mambas
  Maggie (D:10)
  A torpor snail (Lair:6)
  11 elephants
  14 cane toads
  5 rime drakes
  6 komodo dragons
  2 red devils (Orc:2)
  2 ice devils (Orc:2)
  The ghost of kannibaal the Skirmisher, an amateur MiBe of Trog (D:4)
  7 trolls
  7 polar bears
  12 blink frogs
  A dream sheep (Lair:6)
  3 hornets (Lair:6)
  13 spriggans
  A ynoxinul (Orc:2)
  2 fire bats (Volcano)
  40 yaks
  A wyvern (Lair:4)
  3 basilisks
  4 steam dragons
  Edmund (D:5)
  5 wargs
  12 water moccasins
  A hell hound (Volcano)
  A swamp drake (D:9)
  34 orc warriors
  A hornet zombie (D:4)
  An ice beast (D:7)
  5 necrophages
  2 black bears (Lair:6)
  9 ogres
  5 boggarts (Lair:6)
  7 centaurs
  39 wolves
  A kobold brigand (D:10)
  14 bullfrogs
  A gnoll sergeant (D:8)
  A water moccasin zombie (D:4)
  A wyvern skeleton (D:6)
  2 scorpions
  A water moccasin skeleton (D:5)
  An electric eel (Lair:2)
  A howler monkey (D:8)
  3 centaur zombies
  A bullfrog skeleton (D:3)
  19 orc priests
  2 gnoll shamans
  A human zombie (Ossuary)
  3 centaur skeletons
  An iguana (D:6)
  18 orc wizards
  7 worker ants
  A hound skeleton (D:5)
  4 mummies
  15 gnolls
  5 adders
  A white imp (D:7)
  An ufetubus (D:7)
  An adder skeleton (D:5)
  2 worms
  2 dart slugs
  81 orcs
  9 ball pythons
  An endoplasm (D:3)
  3 giant cockroaches
  A goblin (D:1)
  6 hobgoblins
  8 jackals
  11 kobolds
  3 quokkas
  5 bats
  6 frilled lizards
  3 gnoll zombies (Ossuary)
  A goblin zombie (D:4)
  A hobgoblin zombie (Ossuary)
  3 kobold zombies
  5 rats
  11 bushes (D:9)
583 creatures vanquished.

Vanquished Creatures (others)
  34 fungi
  69 plants
103 creatures vanquished.

Grand Total: 686 creatures vanquished

Notes
Turn   | Place    | Note
-------+----------+-------------------------------------------
     0 | D:1      | polve the Hill Orc Berserker began the quest for the Orb.
     0 | D:1      | Reached XP level 1. HP: 19/19 MP: 1/1
   341 | D:1      | Reached XP level 2. HP: 26/26 MP: 2/2
   586 | D:1      | Reached skill level 5 in Axes
  1252 | D:2      | Reached XP level 3. HP: 30/31 MP: 3/3
  1479 | D:2      | Reached ** piety under Trog
  1990 | D:3      | Reached skill level 6 in Axes
  1990 | D:3      | Reached XP level 4. HP: 29/39 MP: 4/4
  2345 | D:3      | Reached skill level 7 in Axes
  2345 | D:3      | Reached XP level 5. HP: 39/46 MP: 5/5
  2751 | D:3      | Reached *** piety under Trog
  2864 | D:3      | Reached XP level 6. HP: 43/53 MP: 6/6
  3296 | D:4      | Noticed a necrophage
  3305 | D:4      | Found a transporter.
  3305 | D:4      | Noticed kannibaal's ghost (amateur MiBe)
  3423 | D:4      | Found a sand-covered staircase.
  3436 | Ossuary  | Entered an ossuary
  3513 | Ossuary  | Reached skill level 8 in Axes
  3836 | D:4      | Reached skill level 5 in Fighting
  3836 | D:4      | Reached XP level 7. HP: 12/61 MP: 7/7
  4314 | D:4      | Found a basalt altar of Yredelemnul.
  4315 | D:4      | Found an iron altar of Okawaru.
  4316 | D:4      | Found a hide-covered altar of Uskayaw.
  4316 | D:4      | Found a glowing golden altar of the Shining One.
  4325 | D:4      | Reached skill level 9 in Axes
  4325 | D:4      | Found an ancient bone altar of Kikubaaqudgha.
  4331 | D:4      | Found a transporter.
  4369 | D:4      | Found an iron altar of Okawaru.
  4437 | D:4      | Found a shadowy altar of Dithmenos.
  4437 | D:4      | Found a burning altar of Makhleb.
  4438 | D:4      | Found a stormy altar of Qazlal.
  4668 | D:4      | Killed kannibaal's ghost
  4669 | D:4      | Reached XP level 8. HP: 70/70 MP: 8/8
  4673 | D:4      | Reached skill level 10 in Axes
  4673 | D:4      | Reached skill level 5 in Armour
  4798 | D:5      | Entered Level 5 of the Dungeon
  4871 | D:5      | Noticed Edmund
  4881 | D:5      | Killed Edmund
  4899 | D:5      | Reached **** piety under Trog
  4945 | D:5      | Reached skill level 11 in Axes
  5183 | D:5      | Found a broken altar of Ashenzari.
  5265 | D:5      | Found a sacrificial altar of Ru.
  5406 | D:5      | Found a staircase to the Ecumenical Temple.
  5578 | D:6      | Reached XP level 9. HP: 79/79 MP: 9/9
  5971 | D:6      | Found a shadowy altar of Dithmenos.
  6172 | D:7      | Reached skill level 12 in Axes
  6551 | D:7      | Found Jikacvam's Weapon Shop.
  7926 | D:8      | Found a runed translucent door.
  7951 | D:8      | Reached skill level 13 in Axes
  8218 | D:8      | Identified the +5 spear "Ybuiquhu" {speed, *Slow rElec
                  | rPois rF++}
  8220 | D:8      | Noticed t4s4d4r's ghost (novice OpFi)
  8220 | D:8      | Noticed a polar bear
  8934 | D:8      | Reached XP level 10. HP: 54/90 MP: 10/10
  8941 | D:8      | Killed t4s4d4r's ghost
  9156 | D:9      | Reached skill level 14 in Axes
  9164 | D:9      | Reached ***** piety under Trog
  9861 | D:9      | Identified the ring of Yfrurrol {+Blink rPois Str+2 Int+3}
 10423 | D:9      | Reached skill level 10 in Fighting
 10577 | D:9      | Found a staircase to the Orcish Mines.
 10604 | D:9      | Identified the amulet "Piameroj" {Acrobat Slay+3}
 10844 | D:10     | Entered Level 10 of the Dungeon
 10851 | D:10     | Noticed a centaur warrior
 10860 | D:10     | Killed a centaur warrior
 10861 | D:10     | Reached skill level 15 in Axes
 10861 | D:10     | Reached XP level 11. HP: 79/101 MP: 11/11
 11218 | D:10     | Noticed Maggie
 11229 | D:10     | Killed Maggie
 11381 | D:10     | Found a staircase to the Lair.
 11384 | D:10     | Received a gift from Trog
 11502 | D:10     | Noticed a two-headed ogre
 11510 | D:10     | Killed a two-headed ogre
 11599 | D:10     | Noticed a two-headed ogre
 11859 | D:10     | Found a portal to a secret trove of treasure.
 12284 | D:10     | Found a shadowy altar of Dithmenos.
 12379 | Lair:1   | Entered Level 1 of the Lair of Beasts
 12389 | Lair:1   | Found a dark tunnel.
 12435 | Volcano  | Entered a volcano
 12479 | Volcano  | Noticed a two-headed ogre
 12482 | Volcano  | Reached skill level 1 in Evocations
 12489 | Volcano  | Killed a two-headed ogre
 12766 | Volcano  | Noticed a salamander
 12777 | Volcano  | Killed a salamander
 13448 | Lair:1   | Noticed Harold
 13456 | Lair:1   | Killed Harold
 13457 | Lair:1   | Reached skill level 5 in Evocations
 13736 | Lair:1   | Noticed a six-headed hydra
 13746 | Lair:1   | Killed a two-headed hydra
 13747 | Lair:1   | Reached XP level 12. HP: 108/108 MP: 12/12
 14343 | Lair:2   | Found a staircase to the Snake Pit.
 14963 | Lair:2   | Reached skill level 10 in Evocations
 15209 | Lair:2   | Found a staircase to the Swamp.
 15261 | Lair:2   | Reached skill level 16 in Axes
 16167 | Lair:3   | Noticed Urug
 16185 | Lair:3   | Killed Urug
 16186 | Lair:3   | Reached skill level 10 in Armour
 16510 | Lair:3   | Noticed a six-headed hydra
 16519 | Lair:3   | Killed a one-headed hydra
 16520 | Lair:3   | Reached XP level 13. HP: 60/116 MP: 13/13
 16535 | Lair:3   | You fall into a shaft and drop 2 floors!
 16535 | Lair:5   | Found a runed translucent door.
 16535 | Lair:5   | Found a shimmering altar of Xom.
 16535 | Lair:5   | Noticed nago's ghost (journeyman DjIE)
 16865 | Lair:5   | Reached skill level 17 in Axes
 17156 | Lair:5   | You fall into a shaft and drop 1 floor!
 17156 | Lair:6   | Entered Level 6 of the Lair of Beasts
 17885 | Lair:3   | Received a gift from Trog
 19489 | Lair:5   | Reached skill level 18 in Axes
 20053 | Lair:5   | Killed nago's ghost
 20176 | Lair:6   | Reached skill level 5 in Dodging
 20184 | Lair:6   | Reached XP level 14. HP: 116/127 MP: 14/14
 20719 | Lair:6   | Reached skill level 19 in Axes
 21268 | Lair:6   | Found a viscous altar of Jiyva.
 21268 | Lair:6   | Found a staircase to the Slime Pits.
 22007 | Lair:6   | Reached ****** piety under Trog
 22223 | Lair:6   | Identified the +2 executioner's axe of Winter {vorpal,
                  | *Noise Int+2 SInv} (Trog gifted it to you on level 6 of the
                  | Lair of Beasts)
 22223 | Lair:6   | Received a gift from Trog
 22477 | Lair:6   | Identified the +9 short sword of Vootuo {antimagic, Fragile
                  | rPois Will+++ Int+2}
 22775 | Orc:1    | Entered Level 1 of the Orcish Mines
 22864 | Orc:1    | Noticed an orc warlord
 22882 | Orc:1    | Killed an orc warlord
 22886 | Orc:1    | Reached XP level 15. HP: 99/136 MP: 15/15
 23502 | Orc:1    | Reached skill level 20 in Axes
 23849 | Orc:2    | Entered Level 2 of the Orcish Mines
 23866 | Orc:2    | Received a gift from Trog
 24621 | Orc:2    | Found Waodite's General Store.
 24652 | Orc:2    | Found Boum's Distillery.
 24925 | Orc:2    | Found a staircase to the Elven Halls.
 25079 | Orc:2    | Paralysed by an orc sorcerer for 6 turns
 25093 | Orc:2    | Mangled by an orc knight

Illustrated notes

Levels and vault maps discovered:
D:1:      dpeg_cavernosity, layout_basic
D:2:      layout_basic
D:3:      layout_loops_ring, kennysheep_small_spiral
D:4:      layout_loops_cross, grunt_temple_overflow_open,
          gammafunk_ghost_mausoleum, nicolae_ossuary_entry_giza, okawaru_trees_2
D:5:      minmay_skewed_foursquare, layout_basic, ashenzari_conservatory_becter,
          nicolae_ru_the_path_less_chosen, minmay_temple_entry_glassed_door,
          uniq_edmund
D:6:      layout_rooms, grunt_dithmenos_smoke_and_mirrors
D:7:      layout_loops_corners, serial_shops, shop_coins
D:8:      layout_rooms, ebering_ghost_funeral_grove, serial_co_window_serial,
          co_window_of_opportunity_a, co_window_paths_b,
          co_window_of_opportunity_a, co_window_corner_a, co_window_corner_a,
          co_window_paths_b, co_window_corner_a, co_window_unsneaky_path_d,
          co_window_broadway_a, co_window_paths_c, co_window_broadway_b,
          glass_columns_b, serial_park_tiny_pond
D:9:      layout_basic, erik_orc_1, minmay_hedge_maze
D:10:     layout_long_grid, erik_lair_orcish_takeover, basic_altar,
          nicolae_trove_entry_diagonal, kennysheep_nondescript, uniq_maggie
Lair:1:   layout_hall_layers, nicolae_volcano_entry_two_sided, minivault_24,
          uniq_harold
Lair:2:   layout_regular_city, swamp_mist, dummy_snake_entry, serial_bayou,
          serial_bayou_shore_b, serial_bayou_pond_d, serial_bayou_pond_c,
          serial_bayou_pond_e, serial_bayou_pond_e, serial_bayou_shore_a,
          grunt_megastairs_5, serial_bayou_shore_b
Lair:3:   layout_hall_layers, uniq_urug
Lair:4:   layout_loops_ring
Lair:5:   layout_loops_ring, ebering_ghost_xom, serial_bayou_crossing,
          grunt_megastairs_4, lemuel_fruit_fields
Lair:6:   minmay_lair_end_enchanted_forest, layout_cave_pods,
          dpeg_slime_entry_enclosed_altar
Orc:1:    layout_diamond_mine, mines3_lemuel
Orc:2:    pf_orc_diabolical, layout_diamond_mine

Skill      XL: |  1  2  3  4  5  6  7  8  9 10 11 12 13 14 15 |
---------------+----------------------------------------------+-----
Axes           | 5 6 7 8 9 11 13 15 16 18 19 20 | 20.4
Fighting       | 4 5 6 7 8 10 11 12 13 14 | 14.1
Armour         | 3 4 6 7 9 10 11 12 | 12.8
Evocations     | 7 10 | 10.1
Dodging        | 3 5 6 7 |  7.2

Action                   |  1- 3 |  4- 6 |  7- 9 | 10-12 | 13-15 || total
-------------------------+-------+-------+-------+-------+-------++-------
Melee: Hand axe          |   117 |    44 |       |   174 |   121 ||   456
       War axe           |       |   113 |   290 |   476 |       ||   879
       Battleaxe         |       |       |       |       |   457 ||   457
Invok: Berserk           |       |     2 |     8 |    13 |    12 ||    35
  Use: Potion            |       |     4 |     1 |     2 |     3 ||    10
       Scroll            |       |     4 |     1 |       |    12 ||    17
 Stab: Sleeping          |     3 |     2 |       |       |       ||     5
Armor: Animal skin       |    21 |     4 |       |       |       ||    25
       Plate armour      |       |    20 |   166 |   147 |       ||   333
       Chain mail        |       |       |       |    86 |   300 ||   386
Dodge: Dodged            |    83 |   100 |   197 |   185 |   332 ||   897

Table legend: (Time is in decaauts)
 A = Elapsed time spent in this place.
 B = Non-inter-level travel time spent in this place.
 C = Inter-level travel time spent in this place.
 D = Time resting spent in this place.
 E = Time spent auto-exploring this place.
 F = Levels seen in this place.
 G = Mean time per level.
                   A        B        C        D        E       F      G
               +--------+--------+--------+--------+--------+-----+--------+
         Total |  25069 |  24395 |    674 |    452 |  20995 |  20 | 1253.4 |
       Dungeon |  12180 |  11770 |    410 |    134 |  10108 |  10 | 1218.0 |
          Lair |   9396 |   9180 |    216 |     59 |   8311 |   6 | 1566.0 |
  Orcish Mines |   2279 |   2231 |     48 |      4 |   1869 |   2 | 1139.5 |
       Ossuary |    323 |    323 |      0 |      0 |    220 |   1 |  323.0 |
       Volcano |    888 |    888 |      0 |    254 |    486 |   1 |  888.0 |
               +--------+--------+--------+--------+--------+-----+--------+

Top non-repeatable levels by time:
  Lair:6: 2463 daAuts
     D:8: 1720 daAuts
     D:9: 1707 daAuts
  Lair:2: 1654 daAuts
  Lair:5: 1621 daAuts
    D:10: 1600 daAuts
     D:3: 1340 daAuts
  Lair:3: 1318 daAuts
  Lair:4: 1315 daAuts
     D:7: 1270 daAuts
     D:4: 1262 daAuts
   Orc:1: 1260 daAuts
     D:1: 1129 daAuts
  Lair:1: 1022 daAuts
   Orc:2: 1019 daAuts
